 Dungeon Crawl Stone Soup version 0.18-a0-1435-gee79d65 (webtiles) character file.

116 gorblad the Skirmisher (level 4, 0/46 HPs)
             Began as a Demonspawn Fighter on Feb 28, 2016.
             Succumbed to a kobold's poison
             ... on level 3 of the Dungeon.
             The game lasted 00:02:59 (1594 turns).

gorblad the Skirmisher (Demonspawn Fighter)         Turns: 1594, Time: 00:02:59

Health: 0/46       AC: 22    Str: 22    XL:     4   Next: 70%
Magic:  4/4        EV:  2    Int: 10    God:
Gold:   163        SH: 10    Dex: 12    Spells: 0 memorised, 3 levels left

rFire  . . .     SeeInvis .     a - +2 trident
rCold  . . .     Gourm    .     (armour currently unavailable)
rNeg   + + +     Faith    .     c - +1 shield
rPois  +         Spirit   .     (helmet currently unavailable)
rElec  .         Dismiss  .     (cloak currently unavailable)
rCorr  +         Reflect  .     (gloves currently unavailable)
SustAt .         Harm     .     (boots currently unavailable)
MR     .....     NoTele   +     (no amulet)
Stlth  +.........               (no ring)
                                n - ring of resist corrosion

@: mighty, lethally poisoned (0 -> -10), tree-form (expiring), very slightly
contaminated, hasted, very quick, not resistant to hostile enchantments, very
unstealthy
A: (hooves 0), demonic guardian 1, frail 2, (sturdy frame 0)
a: no special abilities


You were on level 3 of the Dungeon.
You were hungry.
You were a tree.
You visited 1 branch of the dungeon, and saw 3 of its levels.

You collected 163 gold pieces.

Inventory:

Hand Weapons
 a - a +2 trident (weapon)
Armour
 b - a +0 scale mail (melded)
 c - a +1 shield (worn)
Jewellery
 n - a ring of resist corrosion (left branch)
Scrolls
 e - 4 scrolls of teleportation
Miscellaneous
 p - a plain deck of summoning
Comestibles
 f - 3 bread rations
 i - 2 beef jerkies
 m - 2 chunks of flesh
 o - a meat ration


   Skills:
 + Level 5.5 Fighting
 - Level 1.7 Polearms
 - Level 2.6 Armour
 - Level 2.6 Shields


You had 3 spell levels left.
You didn't know any spells.

Dungeon Overview and Level Annotations

Branches:
Dungeon (3/15)

Altars:
Gozag
Makhleb
Zin


Innate Abilities, Weirdness & Mutations

((You have large cloven feet.))
A weak demonic guardian rushes to your aid.
You are very frail (-20% HP).
((Your movements are slightly less encumbered by armour (ER -2).))


Message History

You feel sick.
* * * LOW HITPOINT WARNING * * *
You feel sick.
* * * LOW HITPOINT WARNING * * *
You feel sick.
* * * LOW HITPOINT WARNING * * *
You feel sick.
* * * LOW HITPOINT WARNING * * *
You feel sick.
* * * LOW HITPOINT WARNING * * *
You feel sick.
* * * LOW HITPOINT WARNING * * *
You feel sick.
Read which item? (? for menu, Esc to quit)
Okay, then.
Drink which item? (? for menu, Esc to quit)
Okay, then.
Drink which item? (? for menu, Esc to quit)
You feel very mighty all of a sudden.
You die... #.#######.### #$.).♣....... #########.###

There were no monsters in sight!

Vanquished Creatures
  Terence (D:2)
  2 gnolls (D:2)
  2 adders (D:2)
  3 dart slugs
  A giant gecko (D:2)
  2 giant cockroaches (D:1)
  5 goblins
  5 hobgoblins
  4 jackals (D:1)
  8 kobolds
  6 bats
  5 giant newts
  2 rats (D:1)
46 creatures vanquished.

Notes
Turn   | Place    | Note
--------------------------------------------------------------
     0 | D:1      | gorblad the Demonspawn Fighter began the quest for the Orb.
     0 | D:1      | Reached XP level 1. HP: 18/18 MP: 1/1
   171 | D:1      | Gained mutation: You have large cloven feet. [demonic ancestry]
   171 | D:1      | Reached XP level 2. HP: 22/24 MP: 2/2
   474 | D:1      | Reached skill level 4 in Fighting
   498 | D:1      | Reached XP level 3. HP: 30/30 MP: 3/3
   794 | D:2      | Found an opulent altar of Gozag.
   984 | D:2      | Found a glowing silver altar of Zin.
   985 | D:2      | Found a faded altar to an unknown god.
  1028 | D:2      | Noticed Terence
  1043 | D:2      | Killed Terence
  1043 | D:2      | Reached skill level 5 in Fighting
  1043 | D:2      | Gained mutation: A weak demonic guardian rushes to your aid. [demonic ancestry]
  1043 | D:2      | Reached XP level 4. HP: 30/39 MP: 4/4
  1134 | D:2      | Found a burning altar of Makhleb.
  1572 | D:3      | Gained mutation: You are frail (-10% HP). [potion of mutation]
  1572 | D:3      | Gained mutation: Your movements are slightly less encumbered by armour (ER -2). [potion of mutation]
  1572 | D:3      | Gained mutation: You are very frail (-20% HP). [potion of mutation]
  1592 | D:3      | HP: 2/46 [poisoned by a kobold]
  1594 | D:3      | Succumbed to a kobold's poison

Vault maps used:
D:1:      denvon_arrival_waterhouse
D:2:      marbit_many_paths, nicolae_gozag_seed_capital,
          overflow_temple_1_default, first_bread, ecumenical_altar_1,
          amalloy_card_club, uniq_terence
D:3:      uniq_iyjb

Skill      XL: |  1  2  3 |
---------------+----------+-----
Fighting       | 4 5 |  5.5
Polearms       | |  1.7
Armour         | |  2.6
Shields        | |  2.6

Action                   |  1- 3 |  4- 6 || total
-------------------------+-------+-------++-------
Melee: Trident           |   134 |    49 ||   183
  Use: Scroll            |     2 |     3 ||     5
       Potion            |       |     4 ||     4
  Eat: Chunk             |     1 |     1 ||     2
